 Dungeon Crawl Stone Soup version 0.29.1-1-gd02db6906a (webtiles) character file.

Game seed: 4433534632776764742

251 IDontKnowWhatImDoimg the Cudgeller (level 5, -1/50 HPs)
             Began as a Troll Gladiator on Sept 26, 2022.
             Was a Believer of Jiyva.
             Slain by Pikel
             ... wielding a +0 whip of flaming
              (5 damage)
             ... on level 4 of the Dungeon.
             The game lasted 00:50:20 (2224 turns).

IDontKnowWhatImDoimg the Cudgeller (TrGl)           Turns: 2224, Time: 00:50:20

Health: -1/50      AC:  4    Str: 24    XL:     5   Next: 88%
Magic:  4/4        EV: 14    Int:  4    God:    Jiyva [**....]
Gold:   109        SH:  0    Dex: 11    Spells: 4/4 levels left

rFire   . . .      SeeInvis .   a - +0 flail
rCold   . . .      Faith    .   (no shield)
rNeg    . . .      Spirit   .   b - +0 robe
rPois   .          Reflect  .   c - +0 hat
rElec   .          Harm     .   (no cloak)
rCorr   +          Rampage  .   (gloves unavailable)
Will    .....                   (boots unavailable)
Stlth   +.........              (no amulet)
HPRegen 1.92/turn               I - +4 ring of evasion
MPRegen 0.39/turn               (no ring)

@: no status effects
A: large, unfitting armour, claws 3, regeneration 1, shaggy fur 1, tough skin 1
a: Renounce Religion


You were on level 4 of the Dungeon.
You worshipped Jiyva.
Jiyva was pleased with you.
You visited 1 branch of the dungeon, and saw 4 of its levels.

You collected 109 gold pieces.

Inventory:

Hand Weapons
 a - a +0 flail (weapon)
 j - a +2 short sword of protection
 q - a +0 whip
 r - a +0 club
 s - a +0 whip
 y - a +0 whip
 z - a +0 whip
 H - a +0 club
 K - a +0 flail
 N - a +0 war axe
Missiles
 i - 22 stones
 A - 5 poisoned darts
 E - 3 javelins (quivered)
 L - a boomerang
Armour
 b - a +0 robe (worn)
 c - a +0 hat (worn)
 g - a +0 scale mail
 k - a +0 cloak
 n - a +0 scale mail
 p - a +0 scale mail
 B - a +0 robe
 D - a +0 ring mail
 J - a +0 robe
 M - a +0 plate armour
 O - a +0 robe
Jewellery
 I - a +4 ring of evasion (left claw)
Scrolls
 o - a scroll of teleportation {unknown}
 t - 4 scrolls of identify {unknown}
 v - 2 scrolls of enchant armour {unknown}
 w - 2 scrolls of vulnerability {unknown}
 C - a scroll of blinking {unknown}
 F - a scroll of acquirement {unknown}
 G - a scroll of amnesia {unknown}
Potions
 f - a potion of lignification {unknown}
 h - a potion of invisibility {unknown}
 l - 2 potions of might {unknown}
 m - 2 potions of attraction {unknown}
 x - a potion of mutation {unknown}


   Skills:
 + Level 2.3 Fighting
 + Level 4.7 Maces & Flails
 + Level 2.0 Throwing
 + Level 3.6 Dodging
 + Level 0.1 Stealth


You had 4 spell levels left.
You didn't know any spells.
Your spell library contained the following spells:

 Spells                   Type           Power      Damage    Failure   Level
 Ozocubu's Armour         Ice            0%         N/A       86%         3
 Leda's Liquefaction      Hex/Erth       0%         N/A       99%         4
 Lehudib's Crystal Spear  Conj/Erth      0%         10d2      100%        8


Dungeon Overview and Level Annotations

Branches:
Dungeon (4/15)
 Temple: D:4-7

Altars:
Jiyva

Annotations:
D:4 Pikel


Innate Abilities, Weirdness & Mutations

You are too large for most types of armour.
You have claws for hands.
Your natural rate of healing is unusually fast.
You are covered in fur. (AC +1)
You have tough skin. (AC +1)


Message History

You barely miss the lemure.
Pikel hits you with a +0 whip of flaming.
* * * LOW HITPOINT WARNING * * *
Pikel burns you.
* * * LOW HITPOINT WARNING * * *
The lemure hits you.
* * * LOW HITPOINT WARNING * * *
You feel better.
Pikel hits you with a +0 whip of flaming.
* * * LOW HITPOINT WARNING * * *
Pikel burns you.
* * * LOW HITPOINT WARNING * * *
The lemure hits you.
* * * LOW HITPOINT WARNING * * *
You hit Pikel but do no damage. Pikel misses you. The lemure hits you.
* * * LOW HITPOINT WARNING * * *
You closely miss Pikel.
Pikel says, "I just want to get paid!"
Pikel misses you. The lemure closely misses you.
You hit Pikel.
Pikel is lightly wounded.
Pikel closely misses you. The lemure hits you but does no damage.
You barely miss the lemure.
Pikel hits you with a +0 whip of flaming!
* * * LOW HITPOINT WARNING * * *
Pikel burns you.
* * * LOW HITPOINT WARNING * * *
The lemure misses you.
You sock the lemure!
The lemure is moderately wounded.
Pikel hits you with a +0 whip of flaming.
* * * LOW HITPOINT WARNING * * *
Pikel burns you.
* * * LOW HITPOINT WARNING * * *
The lemure hits you.
* * * LOW HITPOINT WARNING * * *
You closely miss the lemure.
The lemure is moderately wounded.
Pikel hits you with a +0 whip of flaming.
You die...

#... ###. #. #. #.
####. #########
#.... #.K555..####
#.##. #@###.5....#
#.##. #5###.#.##.#
.##.
.g...5#.##.###.###
##.##..............
#.###.#.##.##.##.#
........##.##.##.#
##.##(.....##.##.#
#. #########.##.#
#.##.#


You could see Pikel, 4 lemures and a goblin.

Vanquished Creatures
  A phantom (D:3)
  Blork the orc (D:4)
  A hound (D:4)
  An adder (D:2)
  3 dart slugs
  An orc (D:3)
  4 bats
  4 endoplasms
  3 giant cockroaches
  3 goblins
  4 hobgoblins
  8 jackals
  8 kobolds
  A quokka (D:3)
  12 ball pythons
  2 frilled lizards (D:1)
  4 rats
61 creatures vanquished.

Vanquished Creatures (others)
  A jelly (D:4)
  An orc (D:3)
  2 bats (D:3)
  A hobgoblin (D:3)
  A frilled lizard (D:3)
  2 kobolds (D:3)
  A plant (D:4)
9 creatures vanquished.

Grand Total: 70 creatures vanquished

Notes
Turn   | Place    | Note
-------+----------+-------------------------------------------
     0 | D:1      | IDontKnowWhatImDoimg the Troll Gladiator began the quest
                  | for the Orb.
     0 | D:1      | Reached XP level 1. HP: 19/19 MP: 0/0
   240 | D:1      | Reached skill level 3 in Maces & Flails
   245 | D:1      | Reached XP level 2. HP: 28/28 MP: 1/1
   496 | D:1      | Reached XP level 3. HP: 30/35 MP: 2/2
  1035 | D:2      | Found a faded altar of an unknown god.
  1043 | D:2      | Prayed at the altar of an unknown god.
  1043 | D:2      | Became a worshipper of Jiyva Jiufaoru the Shapeless
  1043 | D:2      | Reached * piety under Jiyva
  1172 | D:3      | Noticed a phantom
  1181 | D:3      | Reached XP level 4. HP: 42/42 MP: 3/3
  1209 | D:3      | Killed a phantom
  1210 | D:3      | Reached skill level 4 in Maces & Flails
  1210 | D:3      | Reached XP level 5. HP: 38/49 MP: 4/4
  1278 | D:3      | Got Puegh's Book of the Coarse Glacier
  1422 | D:3      | Reached ** piety under Jiyva
  1858 | D:4      | Noticed Blork the orc
  1864 | D:4      | Killed Blork the orc
  2187 | D:4      | Noticed a lemure
  2187 | D:4      | Noticed a lemure
  2187 | D:4      | Noticed a lemure
  2189 | D:4      | Noticed Pikel
  2189 | D:4      | Noticed a lemure
  2223 | D:4      | HP: 2/50 [lemure[Pikel] (4)]
  2224 | D:4      | Slain by Pikel

Illustrated notes

Levels and vault maps discovered:
D:1:      dpeg_arrival_three_same_balls, layout_rooms,
          nicolae_figureground_pulse
D:2:      layout_rooms, nicolae_ecumenical_lake_church, serial_park_tiny_2
D:3:      wad_pebble_path, layout_rooms, minmay_quadrilaterals
D:4:      layout_loops_cross, serial_bayou_pond_a, minmay_cut_off, uniq_grinder,
          uniq_blork_the_orc, uniq_pikel

Skill      XL: |  1  2  3  4  5 |
---------------+----------------+-----
Maces & Flails | 3 4 |  4.7
Fighting       | 2 |  2.3
Dodging        | 3 |  3.6
Throwing       | 2 |  2.0
Stealth        | |  0.1

Action                   |  1- 3 |  4- 6 || total
-------------------------+-------+-------++-------
Melee: Flail             |    53 |    61 ||   114
       Whip              |   122 |    39 ||   161
       Punch             |     1 |     1 ||     2
Throw: Stone             |    26 |    10 ||    36
       Throwing net      |     1 |     3 ||     4
       Javelin           |       |     1 ||     1
       Large rock        |       |     1 ||     1
  Use: Potion            |     1 |     2 ||     3
Armor: Robe              |    96 |    25 ||   121
Dodge: Dodged            |   119 |   102 ||   221
